 Dungeon Crawl Stone Soup version 0.19-a0-1878-gcbc8a98 (webtiles) character file.

18 PurpleRed the Magician (level 2, 0/20 HPs)
             Began as a Demigod Wizard on Oct 13, 2016.
             Slain by an adder (3 damage)
             ... on level 2 of the Dungeon.
             The game lasted 00:02:27 (227 turns).

PurpleRed the Magician (Demigod Wizard)              Turns: 227, Time: 00:02:28

Health: 0/20       AC:  2    Str: 10    XL:     2   Next: 36%
Magic:  1/8        EV: 12    Int: 22    God:
Gold:   26         SH:  0    Dex: 14    Spells: 1 memorised, 6 levels left

rFire  . . .     SeeInvis .     k - +0 whip (venom)
rCold  . . .     Gourm    .     a - +0 robe
rNeg   . . .     Faith    .     (no shield)
rPois  .         Spirit   .     b - +0 hat
rElec  .         Dismiss  .     (no cloak)
rCorr  .         Reflect  .     (no gloves)
MR     .....     Harm     .     (no boots)
Stlth  ++........               (no amulet)
                                (no ring)
                                (no ring)

@: lethally poisoned (0 -> -3), flying
A: high mp 1
a: no special abilities


You were on level 2 of the Dungeon.
You were not hungry.

You visited 1 branch of the dungeon, and saw 2 of its levels.

You collected 26 gold pieces.

Inventory:

Hand Weapons
 e - a +0 club
 f - a +0 dagger
 h - a +0 quarterstaff
 k - a +0 whip of venom (weapon)
Armour
 a - a +0 robe (worn)
 b - a +0 hat (worn)
Scrolls
 i - a scroll of remove curse {unknown}
Potions
 j - a potion of flight
Books
 c - a book of Minor Magic

   Spells                             Type                      Level
   a - Magic Dart                     Conjuration                  1
   b - Blink                          Translocation                2
   c - Call Imp                       Summoning                    2
   d - Repel Missiles                 Charms/Air                   2
   e - Slow                           Hexes                        2
   f - Conjure Flame                  Conjuration/Fire             3
   g - Mephitic Cloud                 Conjuration/Poison/Air       3
Comestibles
 d - 2 bread rations
 g - a chunk of flesh


   Skills:
 - Level 1.7 Dodging
 - Level 1.7 Stealth
 + Level 3.0 Spellcasting
 * Level 1.7 Conjurations
   Level 0.8 Summonings
   Level 0.8 Translocations


You had 6 spell levels left.
You knew the following spells:

 Your Spells              Type           Power        Failure   Level  Hunger
a - Magic Dart            Conj           ##..         8%          1    None


Dungeon Overview and Level Annotations

Branches:
Dungeon (2/15)


Innate Abilities, Weirdness & Mutations

You have an increased reservoir of magic. (+10% MP)


Message History

Okay, then.
It was a potion of flight.
You feel very buoyant.
You fly up into the air.
The adder bites you.
* * * LOW HITPOINT WARNING * * *
The adder barely misses you.
Wield which item (- for none, * to show all)? (? for menu, Esc to quit)
Okay, then.
Casting: Magic Dart
Confirm with . or Enter, or press ? or * to list all spells.
You don't know that spell.
Casting: Magic Dart
Confirm with . or Enter, or press ? or * to list all spells.
Aiming: Magic Dart
Press: ? - help, Shift-Dir - straight line, f - adder
Aim: an adder The magic dart hits the adder.
The adder is moderately wounded.
The adder bites you.
You die...

#........#.........#
#........#........)##
+.....##...#+##......
#.....##...#(##...###
##.##...###...###.....#
........#≈≈...≈≈###.#.#
#....#..#≈..♣..≈###.#.#
..........r.........#.#
##......@.♣._.♣...#.###
#.......S.......#^≈≈§≈..
#..#..##≈..♣..≈##≈≈_.≈.#
#..... #≈≈...≈≈##.#.≈≈..
#.###. ###...###....^...
# #. #..... ........
##....##...P... #....#
.P. P.. ####..


You could see an adder and a neutral quokka (wandering).

Vanquished Creatures
  An adder (D:2)
  A ball python (D:1)
  A bat (D:1)
  A giant cockroach (D:2)
  A goblin (D:1)
  2 hobgoblins (D:1)
  A frilled lizard (D:1)
  A kobold (D:1)
9 creatures vanquished.

Vanquished Creatures (others)
  A dart slug (D:2)
1 creature vanquished.

Grand Total: 10 creatures vanquished

Notes
Turn   | Place    | Note
-------+----------+-------------------------------------------
     0 | D:1      | PurpleRed the Demigod Wizard began the quest for the Orb.
     0 | D:1      | Reached XP level 1. HP: 14/14 MP: 6/6
    61 | D:1      | Reached skill level 1 in Conjurations
   154 | D:2      | Reached skill level 3 in Spellcasting
   186 | D:2      | Found a stormy altar of Qazlal.
   189 | D:2      | Found a white marble altar of Elyvilon.
   208 | D:2      | Reached XP level 2. HP: 11/20 MP: 0/8
   227 | D:2      | Slain by an adder

Vault maps used:
D:1:      dpeg_arrival_round_b
D:2:      kennysheep_big_flooded_room, grunt_temple_overflow_forces_of_nature,
          elyvilon_altar_4, nicolae_ru_great_annihilating_truth, uniq_sigmund

Skill      XL: |  1 |
---------------+----+-----
Conjurations   | 1 |  1.7
Spellcasting   | 3 |  3.0
Dodging        | |  1.7
Stealth        | |  1.7
Summonings     | |  0.8
Translocations | |  0.8

Action                   || total
-------------------------++-------
Melee: Dagger            ||    17
       Whip              ||     1
 Cast: Magic Dart        ||    22
  Use: Potion            ||     1
Armor: Robe              ||     4
Dodge: Dodged            ||    14
